 Dungeon Crawl Stone Soup version 0.31-a0-819-gf6de2f5ab6 (webtiles) character file.

Game seed: 18189589342711372161

215 adelrune the Ruffian (level 5, -2/41 HPs)
             Began as a Gnoll Shapeshifter on Sept 24, 2023.
             Slain by an ice beast (10 damage)
             ... on level 4 of the Dungeon.
             The game lasted 00:04:44 (2906 turns).

adelrune the Ruffian (Gnoll Shapeshifter)           Turns: 2906, Time: 00:04:44

Health: -2/41      AC:  2    Str: 13    XL:     5   Next: 92%
Magic:  7/7        EV: 13    Int: 11    God:
Gold:   162        SH:  0    Dex: 12    Spells: 7/7 levels left

rFire   . .          .
                       - Unarmed
rCold   . . .        (no shield)
rNeg    . . .        a - +0 animal skin
rPois   .            (helmet currently unavailable)
rElec   .            (cloak currently unavailable)
rCorr   .            (gloves currently unavailable)
SInv    .            (boots currently unavailable)
Will    .....        (no amulet)
Stlth   ++           (no ring)
HPRegen 0.26/turn    (no ring)
MPRegen 0.10/turn

%: no passive effects
@: beast-form
A: beast (slay +3), fangs 1, strong nose, distributed training
a: Begin Untransformation


You were on level 4 of the Dungeon.
You were a hulking beast.
You visited 1 branch of the dungeon, and saw 4 of its levels.
You also visited: Sewer.

You collected 162 gold pieces.

Inventory:

Hand Weapons
 g - a +0 whip
Missiles
 m - 5 poisoned darts
Armour
 a - a +0 animal skin (worn)
 s - a +0 pair of gloves
Jewellery
 o - an amulet of guardian spirit
 z - a +6 ring of strength
Talismans
 c - a beast talisman (active)
 d - a flux talisman
Scrolls
 e - 2 scrolls of identify {unknown}
 f - a scroll of blinking {unknown}
 h - a scroll of silence {unknown}
 i - 2 scrolls of teleportation
 k - a scroll of vulnerability {unknown}
 n - a scroll of fog {unknown}
 p - 2 scrolls of fear {unknown}
 q - 2 scrolls of amnesia
 r - a scroll of butterflies {unknown}
 y - 2 scrolls of revelation {unknown}
Potions
 b - 3 potions of lignification
 j - 4 potions of heal wounds {unknown}
 l - a potion of degeneration {unknown}
 t - a potion of magic {unknown}
 u - a potion of ambrosia {unknown}
 v - a potion of brilliance {unknown}
 w - 2 potions of cancellation {unknown}
 x - a potion of enlightenment {unknown}


   Skills:
 + Level 3.1 Fighting
 + Level 1.7 Short Blades
 + Level 1.7 Long Blades
 + Level 1.7 Axes
 + Level 1.7 Maces & Flails
 + Level 1.7 Polearms
 + Level 1.7 Staves
 + Level 1.7 Ranged Weapons
 + Level 1.7 Throwing
 + Level 1.7 Armour
 + Level 4.9 Dodging
 + Level 1.7 Stealth
 + Level 1.7 Shields
 + Level 6.7 Unarmed Combat
 + Level 1.7 Spellcasting
 + Level 1.3 Conjurations
 + Level 1.3 Hexes
 + Level 1.3 Summonings
 + Level 1.3 Necromancy
 + Level 1.3 Translocations
 + Level 1.3 Transmutations
 + Level 1.3 Fire Magic
 + Level 1.3 Ice Magic
 + Level 1.3 Air Magic
 + Level 1.3 Earth Magic
 + Level 1.3 Poison Magic
 + Level 2.0 Invocations
 + Level 1.7 Evocations
 + Level 6.7 Shapeshifting


You had 7 spell levels left.
You didn't know any spells.
Your spell library contained the following spells:

 Spells                   Type           Power      Damage    Failure   Level
 Summon Small Mammal      Summ           16%        N/A       17%         1
 Call Canine Familiar     Summ           4%         N/A       45%         3
 Summon Guardian Golem    Hex/Summ       4%         N/A       45%         3


Dungeon Overview and Level Annotations

Branches:
Dungeon (4/15)              Sewer (visited)
 Temple: D:4-7

Altars:


Innate Abilities, Weirdness & Mutations

You are a hulking beast.
Your limbs bulge with bestial killing power. (Slay +3)
You have very sharp teeth.
Your uncanny sense of smell can sniff out nearby items.
Your experience applies equally to all skills.


Message History

You feel sick. The adder bites you but does no damage.
You hit the adder.
You kill the adder!
Your Invocations skill increases to level 2!
No target in view!
No target in view!
You start resting.
You feel sick. x4
You are no longer poisoned.
You start resting.
HP restored.
y - 2 scrolls labelled DIMOSIUTAR (gained 1)
You open the door.
There is an open door here.
You open the door.
There is an open door here.
z - a +6 ring of strength An ice beast comes into view.
You barely miss the ice beast. Your bite misses the ice beast.
The ice beast hits you. The ice beast freezes you!
You hit the ice beast.
The ice beast is lightly wounded.
The ice beast closely misses you.
You hit the ice beast.
The ice beast is moderately wounded.
You barely miss the ice beast.
You bite the ice beast, but do no damage.
The ice beast is moderately wounded.
The ice beast completely misses you.
You barely miss the ice beast. You bite the ice beast.
The ice beast is heavily wounded.
The ice beast hits you but does no damage.
You barely miss the ice beast.
The ice beast is heavily wounded.
The ice beast hits you. The ice beast freezes you!
You closely miss the ice beast.
The ice beast is heavily wounded.
The ice beast hits you.
* * * LOW HITPOINT WARNING * * *
The ice beast freezes you!
You die...

.. ... .... ....######
.........# .........#
.........#
......Yh.####
########....## #.....#
#.....# #.....#
+.....# #.....#
#############'##.....#
..............#.....#


You could see an ice beast.

Vanquished Creatures
  A hell rat (Sewer)
  7 adders
  3 river rats
  2 worms
  3 dart slugs
  3 orcs (D:3)
  6 bats
  7 endoplasms
  6 giant cockroaches
  5 goblins
  9 hobgoblins
  8 quokkas
  7 ball pythons
  5 frilled lizards
  5 kobolds
  9 rats
86 creatures vanquished.

Notes
Turn   | Place    | Note
-------+----------+-------------------------------------------
     0 | D:1      | adelrune the Gnoll Shapeshifter began the quest for the
                  | Orb.
     0 | D:1      | Reached XP level 1. HP: 17/17 MP: 1/1
    99 | D:1      | Reached XP level 2. HP: 23/23 MP: 2/2
   535 | D:1      | Reached XP level 3. HP: 28/28 MP: 3/3
   947 | D:2      | Reached skill level 1 in Invocations
  1107 | D:2      | Reached skill level 1 in Short Blades
  1107 | D:2      | Reached skill level 1 in Long Blades
  1107 | D:2      | Reached skill level 1 in Axes
  1107 | D:2      | Reached skill level 1 in Maces & Flails
  1107 | D:2      | Reached skill level 1 in Polearms
  1107 | D:2      | Reached skill level 1 in Staves
  1107 | D:2      | Reached skill level 1 in Ranged Weapons
  1107 | D:2      | Reached skill level 1 in Throwing
  1107 | D:2      | Reached skill level 1 in Armour
  1107 | D:2      | Reached skill level 1 in Stealth
  1107 | D:2      | Reached skill level 1 in Shields
  1107 | D:2      | Reached skill level 1 in Spellcasting
  1107 | D:2      | Reached skill level 1 in Evocations
  1157 | D:2      | Reached XP level 4. HP: 20/34 MP: 5/5
  1708 | D:3      | Reached skill level 1 in Conjurations
  1708 | D:3      | Reached skill level 1 in Hexes
  1708 | D:3      | Reached skill level 1 in Summonings
  1708 | D:3      | Reached skill level 1 in Necromancy
  1708 | D:3      | Reached skill level 1 in Translocations
  1708 | D:3      | Reached skill level 1 in Transmutations
  1708 | D:3      | Reached skill level 1 in Fire Magic
  1708 | D:3      | Reached skill level 1 in Ice Magic
  1708 | D:3      | Reached skill level 1 in Air Magic
  1708 | D:3      | Reached skill level 1 in Earth Magic
  1708 | D:3      | Reached skill level 1 in Poison Magic
  1869 | D:3      | Reached XP level 5. HP: 22/40 MP: 5/7
  1872 | D:3      | Found a glowing drain.
  1883 | Sewer    | Entered a sewer
  2364 | D:3      | Found a faded altar of an unknown god.
  2896 | D:4      | Noticed an ice beast
  2906 | D:4      | Slain by an ice beast

Illustrated notes

Levels and vault maps discovered:
D:1:      amcnicky_arrival_choice, layout_loops_ring
D:2:      layout_loops_ring, minivault_26
D:3:      layout_rooms, gup_sewer_entry_bubbles,
          shapermc_ecumenical_altar_ellora, saegor_snake_ambush
D:4:      layout_gridville, mainiacjoe_overflow_six_doors_small, tgw_sif,
          serial_shops, nicolae_shop_tiny_waterfront, kennysheep_windowed_goal

Skill      XL: |  1  2  3  4  5 |
---------------+----------------+-----
Invocations    | 1 2 |  2.0
Short Blades   | 1 |  1.7
Long Blades    | 1 |  1.7
Axes           | 1 |  1.7
Maces & Flails | 1 |  1.7
Polearms       | 1 |  1.7
Staves         | 1 |  1.7
Ranged Weapons | 1 |  1.7
Throwing       | 1 |  1.7
Armour         | 1 |  1.7
Stealth        | 1 |  1.7
Shields        | 1 |  1.7
Spellcasting   | 1 |  1.7
Evocations     | 1 |  1.7
Conjurations   | 1 |  1.3
Hexes          | 1 |  1.3
Summonings     | 1 |  1.3
Necromancy     | 1 |  1.3
Translocations | 1 |  1.3
Transmutations | 1 |  1.3
Fire Magic     | 1 |  1.3
Ice Magic      | 1 |  1.3
Air Magic      | 1 |  1.3
Earth Magic    | 1 |  1.3
Poison Magic   | 1 |  1.3
Fighting       | 3 |  3.1
Dodging        | |  4.9
Unarmed Combat | |  6.7
Shapeshifting  | |  6.7

Action                     |  1- 3 |  4- 6 || total
---------------------------+-------+-------++-------
  Melee: Unarmed           |    48 |   140 ||   188
         Whip              |    36 |       ||    36
         Bite              |     6 |     6 ||    12
         Punch             |     2 |     4 ||     6
    Use: Scroll            |       |     2 ||     2
   Stab: Sleeping          |     4 |     3 ||     7
 Armour: Animal skin       |    33 |    72 ||   105
  Dodge: Dodged            |    44 |    80 ||   124

Table legend: (Time is in decaauts)
 A = Elapsed time spent in this place.
 B = Non-inter-level travel time spent in this place.
 C = Inter-level travel time spent in this place.
 D = Time resting spent in this place.
 E = Time spent auto-exploring this place.
 F = Levels seen in this place.
 G = Mean time per level.
                   A        B        C        D        E       F      G
               +--------+--------+--------+--------+--------+-----+--------+
         Total |   2935 |   2877 |     58 |    523 |   1772 |   5 |  587.0 |
       Dungeon |   2669 |   2611 |     58 |    373 |   1727 |   4 |  667.2 |
         Sewer |    266 |    266 |      0 |    150 |     45 |   1 |  266.0 |
               +--------+--------+--------+--------+--------+-----+--------+

Top non-repeatable levels by time:
     D:3: 843 daAuts
     D:2: 783 daAuts
     D:1: 763 daAuts
     D:4: 279 daAuts
   Sewer: 266 daAuts
